 Dungeon Crawl Stone Soup version 0.32-a0-975-g85d4e5bfdb (webtiles) character file.

Game seed: 13819480553821846866

8873 nel the Dealer of Despair (level 11, -4/115 HPs)
             Began as a Demonspawn Necromancer on Apr 19, 2024.
             Was an Elder of Kikubaaqudgha.
             Slain by a troll (7 damage)
             ... on level 1 of the Orcish Mines.
             The game lasted 01:02:53 (9364 turns).

nel the Dealer of Despair (Demonspawn Necromancer)  Turns: 9364, Time: 01:02:53

Health: -4/115     AC: 25    Str: 10    XL:     11   Next: 15%
Magic:  5/20       EV:  2    Int: 17    God:    Kikubaaqudgha [****..]
Gold:   874        SH:  0    Dex: 15    Spells: 2/22 levels left

rFire   . . .        q - +7 long sword "Zintaghouph" {flame, rC+}
rCold   + . .        (no shield)
rNeg    . . .        v - melded +2 robe {rF+}
rPois   +            A - melded +1 hat of the Realm of Zot {rCorr}
rElec   .            c - melded +2 cloak
rCorr   .            (gloves currently unavailable)
SInv    .            (boots currently unavailable)
Will    +....        G - amulet of regeneration
Stlth   ++           r - ring "Ywany" {Will+ Slay+2}
HPRegen 1.19/turn    (no ring)
MPRegen 0.34/turn

%: no passive effects
@: tree-form, studying Polearms
A: stationary, stasis, torment immunity, boosted hp, (horns 2), magic
regeneration, (sturdy frame 1), demonic magic 1
a: Renounce Religion, Unearth Wretches


You were on level 1 of the Orcish Mines.
You worshipped Kikubaaqudgha.
Kikubaaqudgha was greatly pleased with you.
You were a tree.
You visited 3 branches of the dungeon, and saw 13 of its levels.
You also visited: Ossuary.

You collected 874 gold pieces.

Inventory:

Hand Weapons
 m - a +2 dagger of pain
 q - the +7 long sword "Zintaghouph" (weapon) {flame, rC+}
   (You found it on level 2 of the Dungeon)

   rC+:       It protects you from cold.
 K - a +2 dagger of draining
Missiles
 f - 2 atropa-tipped darts (quivered)
 i - a throwing net
 P - 12 poisoned darts
 S - a curare-tipped dart
Armour
 c - a +2 cloak (melded)
 v - a +2 robe of fire resistance (melded)
 A - the +1 hat of the Realm of Zot (melded) {rCorr}
   (You found it on level 5 of the Dungeon)

   rCorr:     It protects you from acid and corrosion.
 I - a scarf of resistance
 J - a +0 leather armour of poison resistance
 N - an orb of guile
 Q - a +2 buckler
 R - +0 steam dragon scales
 T - +0 acid dragon scales
Jewellery
 n - an amulet of magic regeneration
 r - the ring "Ywany" (left branch) {Will+ Slay+2}
   (You acquired it on level 8 of the Dungeon)

   [ring of willpower]

   Slay+2:    It affects your accuracy & damage with ranged weapons and melee
   (+2).
   Will+:     It increases your willpower.
 G - an amulet of regeneration (around neck)
Wands
 l - a wand of polymorph (11)
 x - a wand of charming (1)
 D - a wand of mindburst (10)
 L - a wand of roots (8)
Scrolls
 d - a scroll of revelation
 j - 3 scrolls of brand weapon
 w - a scroll of immolation {unknown}
 y - a scroll of amnesia {unknown}
 C - a scroll of enchant armour {unknown}
 E - a scroll of poison {unknown}
 H - 2 scrolls of enchant weapon {unknown}
 M - a scroll of silence {unknown}
 O - a scroll of teleportation
 V - a scroll of vulnerability {unknown}
Potions
 a - 4 potions of mutation {unknown}
 b - 3 potions of magic
 e - 3 potions of enlightenment
 g - 3 potions of haste
 h - 4 potions of brilliance
 o - 2 potions of curing
 s - 2 potions of lignification
 t - 3 potions of might
 z - a potion of ambrosia {unknown}
 F - 9 potions of heal wounds {unknown}
 U - a potion of cancellation {unknown}


   Skills:
 + Level 4.1 Fighting
 + Level 7.9 Long Blades
 + Level 8.5 Dodging
 - Level 2.0 Stealth
 - Level 6.0 Spellcasting
 + Level 11.3 Necromancy


You had 2 spell levels left.
You knew the following spells:

 Your Spells              Type           Power      Damage    Failure   Level
a - Necrotise             Necr           100%       1d9       1%          1
b - Vampiric Draining     Necr           43%        2d9       1%          3
c - Animate Dead          Necr           43%        N/A       1%          4
d - Fugue of the Fallen   Necr           43%        N/A       1%          3
e - Dispel Undead         Necr           43%        3d17      1%          4
f - Curse of Agony        Necr           43%        N/A       3%          5

Your spell library contained the following spells:

 Spells                   Type           Power      Damage    Failure   Level
 Kiss of Death            Conj/Necr      96%        2d12      1%          1
 Sublimation of Blood     Necr           43%        N/A       1%          2
 Apportation              Tloc           10%        N/A       13%         1
 Magic Dart               Conj           20%        1d4       13%         1
 Slow                     Hex            20%        N/A       13%         1
 Sting                    Conj/Alch      20%        1d4       13%         1
 Jinxbite                 Hex            10%        N/A       19%         2
 Mercury Vapours          Alch/Air       10%        N/A       19%         2
 Searing Ray              Conj           10%        2d4       19%         2
 Static Discharge         Conj/Air       10%        3-4/arc   19%         2
 Anguish                  Hex/Necr       12%        N/A       13%         4
 Death Channel            Necr           21%        N/A       19%         6
 Confusing Touch          Hex            5%         N/A       36%         3
 Frozen Ramparts          Ice            10%        1d2       36%         3
 Inner Flame              Hex/Fire       5%         N/A       36%         3
 Ozocubu's Armour         Ice            5%         N/A       36%         3
 Tukima's Dance           Hex            5%         N/A       36%         3
 Airstrike                Air            2%         2d(1-17)  77%         4
 Dimensional Bullseye     Hex/Tloc       2%         N/A       77%         4
 Fulminant Prism          Conj/Alch      2%         3d5       77%         4
 Iskenderun's Mystic Bla Conj/Tloc 5%             2d3        (+2d1     77%         4
 Olgreb's Toxic Radiance  Alch           5%         N/A       77%         4
 Summon Lightning Spire   Summ/Air       5%         N/A       77%         4
 Alistair's Intoxication  Alch           3%         N/A       98%         5
 Irradiate                Conj/Alch      2%         3d12      98%         5
 Iskenderun's Battlesphe  Conj           5%         2d6       98%         5
 Metabolic Englaciation   Hex/Ice        2%         N/A       98%         5
 Bombard                  Conj/Erth      2%         9d1       100%        6
 Rimeblight               Ice/Necr       12%        2d4       (prima100%   7
 Spellforged Servitor     Conj/Summ      2%         N/A       100%        7
 Ignition                 Fire           2%         3d3       100%        8


Dungeon Overview and Level Annotations

Branches:
Dungeon (11/15)            Temple (1/1) D:6            Lair (0/5) D:9
    Orc (1/2) D:11        Ossuary (visited)

Altars:
Ashenzari
Cheibriados
Dithmenos
Fedhas
Gozag
Hepliaklqana
Kikubaaqudgha
Makhleb
Nemelex Xobeh
Okawaru
Qazlal
Ru
Sif Muna
Trog
Uskayaw
Vehumet
Wu Jian
Xom
Yredelemnul

Shops:
D:1 ==   D:9 [

Annotations:
D:7 exclusion: upstairs


Innate Abilities, Weirdness & Mutations

You are a tree.
Your roots penetrate the ground, keeping you stationary.
You cannot be teleported.
You are immune to unholy pain and torment.
Your maximum health is greatly increased.
Your equipment is partially melded.
((You have a pair of horns on your head.))
You regenerate magic rapidly.
((Your movements are slightly less encumbered by armour. (ER -2)))
Spells you cast may paralyse adjacent enemies.


Message History

The troll claws you but does no damage. The troll completely misses you.
Casting: Vampiric Draining (safe; 1% risk of failure)
Confirm with . or Enter, or press ? or * to list all spells.
Aiming: Vampiric Draining (safe; 1% risk of failure)
Press: ? - help, Shift-Dir - straight line, f/p - troll
Aim: a troll (lightly wounded, cursed with the promise of agony)
You draw life force from the troll!
You feel life coursing into your body. Malevolent energies surge around you.
The troll closely misses you. The troll claws you but does no damage.
The troll closely misses you.
Unknown command.
Casting: Vampiric Draining (safe; 1% risk of failure)
Confirm with . or Enter, or press ? or * to list all spells.
Aiming: Vampiric Draining (safe; 1% risk of failure)
Press: ? - help, Shift-Dir - straight line, f/p - troll
Aim: a troll (moderately wounded, cursed with the promise of agony)
You draw life force from the troll!
You feel life coursing into your body. Malevolent energies surge around you.
The troll barely misses you. x2
The troll claws you!
* * * LOW HITPOINT WARNING * * *
Casting: Vampiric Draining (safe; 1% risk of failure)
Confirm with . or Enter, or press ? or * to list all spells.
Aiming: Vampiric Draining (safe; 1% risk of failure)
Press: ? - help, Shift-Dir - straight line, f/p - troll
Aim: a troll (heavily wounded, cursed with the promise of agony)
You draw life force from the troll.
You feel life coursing into your body. Malevolent energies surge around you.
The troll misses you. The troll claws you!
* * * LOW HITPOINT WARNING * * *
The troll barely misses you.
You turn into a tree.
Your +2 cloak melds into your body.
The +1 hat of the Realm of Zot {rCorr} melds into your body.
Your +2 robe of fire resistance melds into your body.
You feel less resistant to fire.
Your roots penetrate the ground.
The troll bites you.
* * * LOW HITPOINT WARNING * * *
The troll claws you!
* * * LOW HITPOINT WARNING * * *
The troll claws you!
You die...
Kikubaaqudgha rasps: You have failed me!
Welcome... death!

## ###.##
##....##
###......#
.........#.#
.......♣..#
....#..T.......
. ####.......
.(..... .......
....... .......
...#.##


You could see a troll (agonized).

Vanquished Creatures
  Joseph (D:8)
  Jeremiah (D:8)
  An unseen horror (D:10)
  A kobold demonologist (D:10)
  3 trolls
  A hornet (D:8)
  Prince Ribbit (D:6)
  A shadow (D:11)
  5 yaks (D:10)
  2 steam dragons (D:9)
  2 wraiths
  2 vampire mosquitoes (D:11)
  2 acid dragons (D:10)
  Duvessa (D:5)
  3 ice beasts
  A sky beast (D:6)
  An orc warrior (D:8)
  3 centaurs
  An ogre (D:7)
  2 wolves (D:11)
  A phantom (D:7)
  4 kobold brigands
  3 bullfrogs
  5 scorpions
  Dowan (D:5)
  A troll zombie (D:11)
  5 howler monkeys
  3 bombardier beetles
  6 hounds
  2 jellies (D:8)
  A gnoll bouda (D:8)
  6 orc priests
  An iguana (D:6)
  Ijyb (D:5)
  Natasha (thrice) (D:2)
  5 orc wizards
  5 ogre zombies (D:11)
  8 mummies (Ossuary)
  12 gnolls
  10 adders
  2 shadow imps
  4 white imps
  6 ufetubi
  A dart slug (D:3)
  4 ribbon worms
  31 orcs
  5 ball pythons
  8 bats
  5 endoplasms
  3 giant cockroaches
  3 gnoll zombies
  9 hobgoblins
  3 jackals (D:2)
  4 quokkas
  4 frilled lizards
  3 gnoll skeletons (D:11)
  4 goblins
  3 hobgoblin zombies (Ossuary)
  9 kobolds
  15 orc zombies
  4 rats
248 creatures vanquished.

Vanquished Creatures (collateral kills)
  A troll (D:11)
  4 yaks (D:10)
  Grum (D:11)
  An acid dragon (D:6)
  A wolf (D:11)
  A phantom (D:11)
  A bullfrog (D:7)
  A jelly (D:6)
  2 orc wizards
  2 ogre zombies (D:11)
  A white imp (D:6)
  2 orcs
  An endoplasm (D:2)
  2 gnoll zombies (D:11)
  A frilled lizard (D:1)
  A gnoll skeleton (D:11)
  2 kobolds (D:10)
  An orc skeleton (D:11)
  4 orc zombies (D:11)
30 creatures vanquished.

Vanquished Creatures (others)
  A deep elf pyromancer (D:6)
  An elf zombie (D:6)
  A human zombie (D:6)
  An ogre (D:6)
  A yak zombie (D:10)
  2 wolf zombies (D:11)
  A jelly (D:6)
  An orc wizard (D:11)
  An acid dragon zombie (D:6)
  A sky beast zombie (D:6)
  2 howler monkey zombies (D:11)
  A jelly zombie (D:6)
  An orc (D:6)
  2 gnoll zombies (D:8)
  A bombardier beetle zombie (D:6)
  A hobgoblin zombie (D:6)
  A kobold zombie (D:7)
  6 orc zombies
26 creatures vanquished.

Grand Total: 304 creatures vanquished

Notes
Turn   | Place    | Note
-------+----------+-------------------------------------------
     0 | D:1      | nel the Demonspawn Necromancer began the quest for the Orb.
     0 | D:1      | Reached XP level 1. HP: 13/13 MP: 3/3
   330 | D:1      | Gained mutation: You have a pair of small horns on your
                  | head. [demonic ancestry]
   330 | D:1      | Reached XP level 2. HP: 13/19 MP: 0/5
   794 | D:1      | Found Niryot's Jewellery Shoppe.
   858 | D:1      | Reached skill level 5 in Necromancy
   938 | D:1      | Found a faded altar of an unknown god.
   946 | D:1      | Found Arihytad's Jewellery Shop.
  1235 | D:2      | Reached XP level 3. HP: 24/24 MP: 6/6
  1301 | D:2      | Learned a level 3 spell: Vampiric Draining
  1525 | D:2      | Identified the +7 long sword "Zintaghouph" {flame, rC+}
  1533 | D:2      | Reached XP level 4. HP: 30/30 MP: 5/7
  1588 | D:2      | Noticed Natasha
  1593 | D:2      | Killed Natasha
  1888 | D:2      | Noticed Natasha
  1899 | D:2      | Killed Natasha
  1900 | D:2      | Reached skill level 6 in Necromancy
  1926 | D:2      | Noticed Natasha
  1996 | D:2      | Killed Natasha
  1997 | D:2      | Reached skill level 1 in Long Blades
  1997 | D:2      | Gained mutation: You have a pair of horns on your head.
                  | [demonic ancestry]
  1997 | D:2      | Reached XP level 5. HP: 34/35 MP: 4/8
  2070 | D:2      | You fall into a shaft and drop 2 floors!
  3007 | D:4      | Reached XP level 6. HP: 41/41 MP: 7/9
  3310 | D:4      | Learned a level 4 spell: Animate Dead
  3523 | D:4      | Reached skill level 7 in Necromancy
  3523 | D:4      | Gained mutation: Spells you cast may paralyse adjacent
                  | enemies. [demonic ancestry]
  3523 | D:4      | Reached XP level 7. HP: 46/46 MP: 10/10
  3539 | D:5      | Entered Level 5 of the Dungeon
  3540 | D:5      | Noticed Duvessa
  3540 | D:5      | Noticed Dowan
  3674 | D:5      | Identified the +1 hat of the Realm of Zot {rCorr}
  3753 | D:5      | Noticed Ijyb
  3761 | D:5      | Killed Ijyb
  4124 | D:5      | Killed Duvessa
  4139 | D:5      | Killed Dowan
  4453 | D:6      | Found a staircase to the Ecumenical Temple.
  4468 | Temple   | Entered the Ecumenical Temple
  4480 | Temple   | Became a worshipper of Kikubaaqudgha
  4520 | D:6      | Reached skill level 5 in Dodging
  4526 | D:6      | Reached XP level 8. HP: 47/52 MP: 11/11
  4636 | D:6      | Found a sand-covered staircase.
  4640 | Ossuary  | Entered an ossuary
  4702 | Ossuary  | Reached skill level 8 in Necromancy
  5066 | D:6      | Reached * piety under Kikubaaqudgha
  5066 | D:6      | Received a gift from Kikubaaqudgha
  5099 | D:6      | Learned a level 3 spell: Fugue of the Fallen
  5443 | D:6      | Noticed a gargoyle
  5454 | D:6      | Noticed Prince Ribbit
  5463 | D:6      | Killed Prince Ribbit
  5686 | D:6      | Reached skill level 5 in Long Blades
  5712 | D:6      | Your ally Prince Ribbit died
  5945 | D:7      | Learned a level 4 spell: Dispel Undead
  5951 | D:7      | Gained mutation: You regenerate magic rapidly. [demonic
                  | ancestry]
  5951 | D:7      | Reached XP level 9. HP: 57/57 MP: 15/15
  6160 | D:7      | Reached skill level 9 in Necromancy
  6859 | D:8      | Paralysed by a hornet for 2 turns
  7031 | D:8      | Reached skill level 5 in Spellcasting
  7113 | D:8      | Reached ** piety under Kikubaaqudgha
  7212 | D:8      | Noticed Joseph
  7218 | D:8      | Identified a scroll of acquirement
  7218 | D:8      | Acquired the ring "Ywany" {Will+ Slay+2}
  7229 | D:8      | Killed Joseph
  7272 | D:8      | Noticed Jeremiah
  7584 | D:8      | Killed Jeremiah
  7585 | D:8      | Reached XP level 10. HP: 60/63 MP: 11/18
  7654 | D:9      | Found a staircase to the Lair.
  7708 | D:9      | Reached skill level 10 in Necromancy
  7919 | D:9      | Found Qaughem's Antique Armour Boutique.
  8059 | D:9      | Learned a level 5 spell: Curse of Agony
  8313 | D:10     | Entered Level 10 of the Dungeon
  8467 | D:10     | Reached skill level 1 in Fighting
  8535 | D:10     | Found a bloodstained altar of Trog.
  8933 | D:10     | Reached *** piety under Kikubaaqudgha
  8933 | D:10     | Received a gift from Kikubaaqudgha
  9130 | D:11     | Reached skill level 11 in Necromancy
  9164 | D:11     | Noticed Grum
  9191 | D:11     | Gained mutation: Your movements are slightly less
                  | encumbered by armour. (ER -2) [demonic ancestry]
  9191 | D:11     | Reached XP level 11. HP: 50/76 MP: 6/20
  9209 | D:11     | Killed Grum
  9252 | D:11     | Found a staircase to the Orcish Mines.
  9282 | D:11     | Reached **** piety under Kikubaaqudgha
  9338 | D:11     | Noticed a centaur warrior
  9357 | Orc:1    | Entered Level 1 of the Orcish Mines
  9364 | Orc:1    | HP: 3/115 [troll (7)]
  9364 | Orc:1    | Slain by a troll

Illustrated notes

Levels and vault maps discovered:
D:1:      elethiomel_arrival_maze, layout_basic, serial_shops,
          nicolae_shop_stone, nicolae_shop_peninsula, basic_ecumenical_altar
D:2:      layout_loops_corners, minmay_cut_off, uniq_natasha
D:3:      layout_loops_cross
D:4:      layout_rooms
D:5:      layout_basic, serial_curves, eino_curves_04, eino_curves_01,
          uniq_ijyb, uniq_duvessa
D:6:      cheibrodos_barr_body, layout_loops_ring, minmay_temple_entry_trees,
          enter_ossuary_5, uniq_prince_ribbit1
D:7:      layout_basic
D:8:      layout_basic, minmay_manual_mares, uniq_jeremiah, uniq_joseph
D:9:      layout_irregular_city, lair_entry_dummy, serial_shops,
          nicolae_shop_tiny_statue_garden, nicolae_nh_ransacked_shop
D:10:     layout_irregular_city, old_standard_altar
D:11:     minmay_ornate_pinched, layout_rooms, zombieorc2_lemuel,
          lemuel_zombie_altar_kikubaaqudgha, uniq_grum
Temple:   nicolae_temple_the_god_donut
Orc:1:    layout_diamond_mine, nicolae_specific_store, nicolae_orc_lava_room,
          uniq_sonja

Skill      XL: |  1  2  3  4  5  6  7  8  9 10 11 |
---------------+----------------------------------+-----
Stealth        | 2 |  2.0
Dodging        | 2 3 4 5 6 7 8 |  8.5
Necromancy     | 5 6 7 8 9 11 | 11.3
Long Blades    | 1 2 4 5 6 7 |  7.9
Spellcasting   | 4 5 6 |  6.0
Fighting       | 3 4 |  4.1

Action                     |  1- 3 |  4- 6 |  7- 9 | 10-12 || total
---------------------------+-------+-------+-------+-------++-------
  Melee: Whip              |    10 |       |       |       ||    10
         Dagger            |     9 |    43 |       |       ||    52
         Headbutt          |     2 |     7 |    32 |    30 ||    71
         Long sword        |       |    28 |   216 |   140 ||   384
  Throw: Dart              |       |       |     2 |     1 ||     3
   Cast: Necrotise         |    62 |    52 |    30 |     7 ||   151
         Vampiric Draining |       |     6 |    37 |    19 ||    62
         Animate Dead      |       |       |     5 |     2 ||     7
         Fugue of the Fall |       |       |     5 |     3 ||     8
         Curse of Agony    |       |       |       |     6 ||     6
         Dispel Undead     |       |       |       |     4 ||     4
 Invoke: Unearth Wretches  |       |       |     2 |       ||     2
  Evoke: Wand              |       |       |    11 |     7 ||    18
    Use: Scroll            |       |     4 |    12 |     5 ||    21
         Potion            |       |       |     2 |     1 ||     3
   Stab: Sleeping          |     1 |     2 |     2 |     3 ||     8
         Paralysed         |       |       |    25 |    17 ||    42
         Invisible         |       |       |     1 |       ||     1
 Armour: Robe              |    22 |    63 |   141 |    96 ||   322
         Skin              |       |       |    13 |     3 ||    16
  Dodge: Dodged            |    22 |    57 |   168 |   130 ||   377

Table legend: (Time is in decaauts)
 A = Elapsed time spent in this place.
 B = Non-inter-level travel time spent in this place.
 C = Inter-level travel time spent in this place.
 D = Time resting spent in this place.
 E = Time spent auto-exploring this place.
 F = Levels seen in this place.
 G = Mean time per level.
                   A        B        C        D        E       F      G
               +--------+--------+--------+--------+--------+-----+--------+
         Total |   9416 |   9110 |    306 |    787 |   5714 |  14 |  672.6 |
       Dungeon |   9041 |   8757 |    284 |    758 |   5600 |  11 |  821.9 |
        Temple |     24 |      2 |     22 |      0 |      0 |   1 |   24.0 |
  Orcish Mines |      6 |      6 |      0 |      0 |      0 |   1 |    6.0 |
       Ossuary |    343 |    343 |      0 |     29 |    114 |   1 |  343.0 |
               +--------+--------+--------+--------+--------+-----+--------+

Top non-repeatable levels by time:
     D:1: 1188 daAuts
     D:6: 1060 daAuts
     D:2: 1024 daAuts
     D:7: 993 daAuts
     D:5: 887 daAuts
    D:10: 787 daAuts
     D:8: 777 daAuts
     D:4: 708 daAuts
     D:9: 691 daAuts
     D:3: 665 daAuts
 Ossuary: 343 daAuts
    D:11: 259 daAuts
  Temple: 24 daAuts
   Orc:1: 6 daAuts
